 Dungeon Crawl Stone Soup version 0.25-a0-42-g6c54e25894 (webtiles) character file.

Game seed: 13628182480160804454, levelgen mode: deterministic

2161834 MeekVeins the Conqueror (level 27, 266/266 (273) HPs)
             Began as a Hill Orc Abyssal Knight on Oct 21, 2019.
             Was the Champion of Lugonu.
             Escaped with the Orb
             ... and 4 runes on Oct 22, 2019!
             The game lasted 04:11:10 (82859 turns).

MeekVeins the Conqueror (Hill Orc Abyssal Knight)  Turns: 82859, Time: 04:11:11

HP:   266/266 (273) AC: 56    Str: 35    XL:     27
MP:   48/48         EV: 25    Int: 12    God:    Lugonu [******]
Gold: 2857          SH: 35    Dex: 15    Spells: 26/26 levels left

rFire    + + +     SeeInvis +   a - +9 broad axe (freeze)
rCold    + . .     Gourm    .   I - +18 shield of the Gong {rElec rN+ MR+ EV-5}
rNeg     + . .     Faith    .   c - +15 Maxwell's patent armour {-Cast -Tele rElec MR+ rCorr}
rPois    +         Spirit   +   r - +0 mask of the Dragon {MR+ Slay+3 SInv}
rElec    +         Reflect  .   V - +2 cloak of Amelioration {rC+ Slay+2}
rCorr    +         Harm     .   l - +2 pair of gloves
MR       +++++     NoTele   +   h - +2 pair of boots Stlth ..........NoCast +
                                m - amulet of Munaen {Spirit *Drain rF+ Slay+2 Stlth+}
HPRegen  0.54/turn              F - ring of Descent {rF++ AC+5 SInv}
MPRegen  0.31/turn              L - ring "Kihum" {MR++ MP+9 Str+2}

@: mighty, agile, hasted, very quick
A: hooves 1, repulsion field 1, icy blue scales 1, molten scales 1, mutation
resistance 1, poison resistance, electricity resistance, teleportitis 1, no
potion heal 1
0: Orb of Zot
}: 4/15 runes: decaying, serpentine, silver, abyssal
a: Depart the Abyss, Bend Space, Banish, Corrupt, Enter the Abyss, Renounce
Religion


You escaped.
You worshipped Lugonu.
Lugonu was exalted by your worship.
You were full.

You visited 9 branches of the dungeon, and saw 49 of its levels.
You visited the Abyss 3 times.
You also visited: Bailey, Gauntlet and Desolation.

You collected 7414 gold pieces.
You spent 4557 gold pieces at shops.

Inventory:

Hand Weapons
 a - a +9 broad axe of freezing (weapon)
 b - a +9 broad axe of distortion
 w - a +3 war axe of holy wrath
Armour
 c - the +15 Maxwell's patent armour (worn) {-Cast -Tele rElec MR+ rCorr}
   (You found it on level 5 of the Vaults)

   It insulates you from electricity.
   It affects your resistance to hostile enchantments.
   It prevents spellcasting.
   It prevents most forms of teleportation.
   It provides partial protection from all sources of acid and corrosion.
 h - a +2 pair of boots (worn)
 l - a +2 pair of gloves (worn)
 o - +12 gold dragon scales
 r - the +0 mask of the Dragon (worn) {MR+ Slay+3 SInv}
   (You found it on level 3 of the Depths)

   It affects your accuracy and damage with ranged weapons and melee attacks
   (+3).
   It affects your resistance to hostile enchantments.
   It lets you see invisible.
 I - the +18 shield of the Gong (worn) {rElec rN+ MR+ EV-5}
   (You bought it in a shop on level 4 of the Depths)

   It affects your evasion (-5).
   It insulates you from electricity.
   It protects you from negative energy.
   It affects your resistance to hostile enchantments.
 U - +0 storm dragon scales
 V - the +2 cloak of Amelioration (worn) {rC+ Slay+2}
   (You found it on level 14 of the Dungeon)

   It affects your accuracy and damage with ranged weapons and melee attacks
   (+2).
   It protects you from cold.
Jewellery
 e - a +4 ring of protection
 m - the amulet of Munaen (around neck) {Spirit *Drain rF+ Slay+2 Stlth+}
   (You found it on level 4 of the Depths)

   [amulet of guardian spirit]

   It causes incoming damage to be split between your health and magic.
   It affects your accuracy and damage with ranged weapons and melee attacks
   (+2).
   It protects you from fire.
   It causes draining when unequipped.
   It makes you more stealthy.
 F - the ring of Descent (left hand) {rF++ AC+5 SInv}
   (You found it on level 11 of the Dungeon)

   [ring of protection]

   It affects your AC (+5).
   It greatly protects you from fire.
   It lets you see invisible.
 L - the ring "Kihum" (right hand) {MR++ MP+9 Str+2}
   (You found it on level 3 of the Depths)

   [ring of magical power]

   It affects your strength (+2).
   It affects your resistance to hostile enchantments.
   It affects your magic capacity (+9).
Wands
 j - a wand of polymorph (20)
 k - a wand of digging (10)
 A - a wand of acid (2)
 O - a wand of clouds (15)
 P - a wand of paralysis (29)
Scrolls
 d - a scroll of immolation
 p - 3 scrolls of fog
 s - 3 scrolls of acquirement
 v - 11 scrolls of fear
 x - 4 scrolls of silence
 B - 6 scrolls of blinking
 G - a scroll of vulnerability
 J - a scroll of summoning
 M - 5 scrolls of magic mapping
 N - 15 scrolls of remove curse
 R - 24 scrolls of identify
 T - 13 scrolls of teleportation
 X - 5 scrolls of enchant weapon
 Y - 3 scrolls of holy word
Potions
 q - 4 potions of cancellation
 t - 3 potions of ambrosia
 u - a potion of berserk rage
 y - 3 potions of magic
 C - 7 potions of mutation {!q}
 D - 3 potions of might
 H - a potion of haste
 K - a potion of flight
 Q - 21 potions of curing
 S - 2 potions of agility
 W - 4 potions of heal wounds
Miscellaneous
 f - 2 phantom mirrors
 g - a lightning rod (4/4)
Comestibles
 z - 60 rations


   Skills:
 O Level 27 Fighting
 - Level 18.0 Axes
 * Level 23.6 Armour
 + Level 21.6 Dodging
 - Level 20.0 Shields
 - Level 24.0 Invocations
 - Level 10.0 Evocations


You had 26 spell levels left.
You didn't know any spells.
Your spell library contained the following spells:

 Spells                   Type           Power        Failure   Level  Hunger
 Apportation              Tloc           #.....       67%         1    ##.....
 Beastly Appendage        Tmut           #.....       67%         1    ##.....
 Confusing Touch          Hex            #.....       67%         1    ##.....
 Corona                   Hex            #......      67%         1    ##.....
 Flame Tongue             Conj/Fire      #....        67%         1    ##.....
 Freeze                   Ice            #...         67%         1    ##.....
 Infusion                 Chrm           #...         67%         1    ##.....
 Magic Dart               Conj           #...         67%         1    ##.....
 Sandblast                Erth           #.....       67%         1    ##.....
 Shock                    Conj/Air       #...         67%         1    ##.....
 Sting                    Conj/Pois      #...         67%         1    ##.....
 Summon Butterflies       Summ           #.......     67%         1    ##.....
 Blink                    Tloc           N/A          80%         2    ###....
 Call Imp                 Summ           #.......     80%         2    ###....
 Ensorcelled Hibernation  Hex/Ice        #.....       80%         2    ###....
 Passwall                 Tmut/Erth      #.......     80%         2    ###....
 Poisonous Vapours        Pois/Air       #.....       80%         2    ###....
 Shroud of Golubria       Chrm/Tloc      #.....       80%         2    ###....
 Slow                     Hex            #.......     80%         2    ###....
 Song of Slaying          Chrm           #.......     80%         2    ###....
 Sticks to Snakes         Tmut           #.......     80%         2    ###....
 Throw Flame              Conj/Fire      #.....       80%         2    ###....
 Throw Frost              Conj/Ice       #.....       80%         2    ###....
 Call Canine Familiar     Summ           #.......     95%         3    ####...
 Confuse                  Hex            #.......     95%         3    ####...
 Conjure Flame            Conj/Fire      #.......     95%         3    ####...
 Dazzling Spray           Conj/Hex       #.....       95%         3    ####...
 Gell's Gravitas          Tloc           #.........   95%         3    ####...
 Ignite Poison            Fire/Tmut/Pois #.......     95%         3    ####...
 Inner Flame              Hex/Fire       #.......     95%         3    ####...
 Lesser Beckoning         Tloc           #.........   95%         3    ####...
 Mephitic Cloud           Conj/Pois/Air  #.......     95%         3    ####...
 Ozocubu's Armour         Chrm/Ice       #.......     95%         3    ####...
 Portal Projectile        Hex/Tloc       #.....       95%         3    ####...
 Recall                   Summ/Tloc      N/A          95%         3    ####...
 Regeneration             Chrm/Necr      #.........   95%         3    ####...
 Spectral Weapon          Hex/Chrm       #.......     95%         3    ####...
 Spider Form              Tmut/Pois      #.........   95%         3    ####...
 Static Discharge         Conj/Air       #.......     95%         3    ####...
 Summon Guardian Golem    Hex/Summ       #.......     95%         3    ####...
 Teleport Other           Tloc           #.......     95%         3    ####...
 Tukima's Dance           Hex            #.......     95%         3    ####...
 Vampiric Draining        Necr           #.........   95%         3    ####...
 Cause Fear               Hex            #.........   100%        4    #####..
 Fulminant Prism          Conj/Hex       #.........   100%        4    #####..
 Ice Form                 Ice/Tmut       #.......     100%        4    #####..
 Leda's Liquefaction      Hex/Erth       #.........   100%        4    #####..
 Olgreb's Toxic Radiance  Pois           #.......     100%        4    #####..
 Petrify                  Tmut/Erth      #.......     100%        4    #####..
 Sticky Flame             Conj/Fire      #.......     100%        4    #####..
 Summon Ice Beast         Ice/Summ       #.......     100%        4    #####..
 Summon Lightning Spire   Summ/Air       #.......     100%        4    #####..
 Throw Icicle             Conj/Ice       #.......     100%        4    #####..
 Alistair's Intoxication  Tmut/Pois      #.......     100%        5    ######.
 Blade Hands              Tmut           #.........   100%        5    ######.
 Bolt of Draining         Conj/Necr      #.........   100%        5    ######.
 Bolt of Magma            Conj/Fire/Erth #.........   100%        5    ######.
 Dispel Undead            Necr           #.......     100%        5    ######.
 Fireball                 Conj/Fire      #.........   100%        5    ######.
 Irradiate                Conj/Tmut      #.........   100%        5    ######.
 Iskenderun's Battlesphe  Conj/Chrm      #.......     100%        5    ######.
 Lee's Rapid Deconstruct  Erth           #.........   100%        5    ######.
 Lightning Bolt           Conj/Air       #.........   100%        5    ######.
 Metabolic Englaciation   Hex/Ice        #.........   100%        5    ######.
 Silence                  Hex/Air        #.........   100%        5    ######.
 Summon Demon             Summ           #.........   100%        5    ######.
 Summon Forest            Summ/Tloc      #.........   100%        5    ######.
 Summon Mana Viper        Hex/Summ       #.......     100%        5    ######.
 Venom Bolt               Conj/Pois      #.........   100%        5    ######.
 Yara's Violent Unravell  Hex/Tmut       #.........   100%        5    ######.
 Bolt of Fire             Conj/Fire      #.........   100%        6    #######
 Conjure Ball Lightning   Conj/Air       #.........   100%        6    #######
 Death Channel            Necr           #.........   100%        6    #######
 Deflect Missiles         Chrm/Air       #.........   100%        6    #######
 Iron Shot                Conj/Erth      #.........   100%        6    #######
 Simulacrum               Ice/Necr       #.........   100%        6    #######
 Statue Form              Tmut/Erth      #........    100%        6    #######
 Dragon Form              Tmut           #.........   100%        7    #######
 Haunt                    Necr/Summ      #.........   100%        7    #######
 Orb of Destruction       Conj           #.........   100%        7    #######
 Ring of Flames           Chrm/Fire      #.........   100%        7    #######
 Spellforged Servitor     Conj/Summ      #.........   100%        7    #######
 Summon Hydra             Summ           #.........   100%        7    #######
 Borgnjor's Revivificati  Necr           #.........   100%        8    #######
 Death's Door             Chrm/Necr      #.........   100%        8    #######
 Disjunction              Tloc           #.........   100%        8    #######
 Ignition                 Fire           #.........   100%        8    #######
 Infestation              Necr           #.........   100%        8    #######
 Necromutation            Tmut/Necr      #.........   100%        8    #######
 Dragon's Call            Summ           #.........   100%        9    #######
 Shatter                  Erth           #.........   100%        9    #######
 Tornado                  Air            #.........   100%        9    #######
 Passage of Golubria      Tloc           Unusable     N/A         4    N/A

Dungeon Overview and Level Annotations

Branches:
Dungeon (15/15)            Temple (0/1) D:5            Lair (6/6) D:10
  Swamp (4/4) Lair:4        Snake (4/4) Lair:4        Slime (0/5) Lair:5
    Orc (2/2) D:12            Elf (3/3) Orc:2        Vaults (5/5) D:14
  Crypt (0/3) Vaults:2     Depths (5/5) D:15            Zot (5/5) Depths:5
 Bailey (visited)         Desolation (visited)      Gauntlet (visited)

Altars:
Cheibriados
Elyvilon
Fedhas
Kikubaaqudgha
Makhleb
Okawaru
Ru
Sif Muna
Uskayaw
Vehumet
Xom
Yredelemnul
Zin
Beogh
Jiyva

Shops:
D:7 =   D:10 *   D:15 (   Orc:2 ?*[!   Snake:4 ==}   Vaults:1 =   Vaults:2 *
Vaults:3 *   Depths:4 [

Portals:
Hell: Depths:1 Depths:2 Depths:3 Depths:4 Depths:5
Abyss: Depths:1 Depths:4
Pandemonium: Depths:1 Depths:3 Depths:4 Depths:5
Ziggurat: Depths:4

Annotations:
D:5 1 runed translucent door, Crazy Yiuf
Swamp:1 exclusion: oklob plant
Snake:1 corrupted
Snake:3 Roxanne
Elf:3 corrupted, 1 exclusion
Depths:2 exclusions: 2 orange crystal statues and 2 more exclusions
Zot:2 2 transporters
Abyss:1 Mara


Innate Abilities, Weirdness & Mutations

You have large cloven feet.
You are surrounded by a mild repulsion field. (EV +2)
You are partially covered in icy blue scales. (AC +2)
You are partially covered in molten scales. (AC +2)
You are somewhat resistant to further mutation.
Your system is resistant to poisons. (rPois)
You are resistant to electric shocks. (rElec)
You are occasionally teleported next to monsters.
Potions are less effective at restoring your health.


Message History

You climb upwards.
There is a stone staircase leading down here.
There is an open door here.
You see here a dagger.
There is a staircase leading out of the dungeon here.
You start removing your armour.
You continue taking off your +12 gold dragon scales. x4
You finish taking off your +12 gold dragon scales.
You start putting on your armour.
You continue putting on the +15 Maxwell's patent armour {-Cast -Tele rElec MR+ rCorr}. x5
You finish putting on the +15 Maxwell's patent armour {-Cast -Tele rElec MR+ rCorr}.
You feel yourself speed up.
You feel very mighty all of a sudden.
You feel agile all of a sudden.
You're wearing all the rings you can.
Remove which one? (? for menu, Esc to cancel) < or
F - the ring of Descent {rF++ AC+5 SInv} > or
L - the ring "Kihum" {MR++ MP+9 Str+2}
Okay, then.
You have escaped!

#####.#...#≈.≈#≈≈§#
#.#..)#≈.≈#≈≈.#
#.#...#≈.≈#§..#
#.#...#...#...#
#.#...........#
#.#...........#
#.#...........#
#.#...........#
#.#.....@.....#
#.#...........#
#.#############
#########.#
..........#
#########.# ###


There were no monsters in sight!

Vanquished Creatures
  8 ancient liches
  4 orbs of fire (Zot:5)
  A juggernaut (Depths:4)
  the Lernaean hydra (Swamp:4)
  Bai Suzhen (Swamp:3)
  8 Killer Klowns (Zot:5)
  Margery (Depths:4)
  2 curse toes
  7 golden dragons
  Jorgrun (D:11)
  3 electric golems (Zot:5)
  15 tentacled monstrosities
  6 liches
  28 Orb Guardians
  5 titans
  3 deep elf blademasters
  6 quicksilver dragons
  7 death cobs
  A thorn hunter (Swamp:1)
  9 shadow dragons
  2 deep elf master archers (Elf:3)
  Frances (D:13)
  Gastronok (Lair:2)
  7 sphinxes
  Kirke (Snake:1)
  13 storm dragons
  9 nagarajas
  5 tengu reavers
  10 draconian monks
  12 fire giants
  11 frost giants
  Donald (Snake:1)
  An iron dragon (Vaults:5)
  4 ghost moths
  2 cacodemons
  7 draconian knights
  3 deep elf sorcerers
  2 draconian scorchers (Zot:5)
  An imperial myrmidon (Desolation)
  4 deep elf elementalists
  Louise (Snake:3)
  A curse skull (Vaults:2)
  8 draconian stormcallers
  6 draconian shifters
  11 ironheart preservers
  17 vault wardens
  A reaper (Depths:3)
  4 war gargoyles
  12 draconian annihilators
  13 very ugly things
  4 deep elf demonologists
  2 vampire knights
  21 stone giants
  16 green draconians
  Nessos (Lair:5)
  12 yellow draconians
  2 halazid warlocks (Desolation)
  14 black draconians
  11 purple draconians
  8 spark wasps
  11 red draconians
  8 deep elf annihilators
  10 white draconians
  3 green deaths (Depths:4)
  2 blizzard demons
  5 deep elf death magi
  6 fire dragons
  15 ettins
  2 eidola (Depths:2)
  3 crystal guardians
  6 servants of whispers (Desolation)
  2 deep elf high priests
  19 yaktaur captains
  A merfolk impaler (Abyss:3)
  5 ragged hierophants (Desolation)
  9 great orbs of eyes
  8 ice dragons
  Josephine (Lair:5)
  2 rakshasas
  9 hydras
  2 spriggan air magi (Depths:3)
  3 peacekeepers (Desolation)
  35 vault guards
  10 naga warriors
  An anaconda (shapeshifter) (Elf:3)
  4 shambling mangroves
  6 anacondas
  A catoblepas (D:14)
  A ghost crab (Swamp:1)
  8 centaur warriors
  2 death knights (Vaults:3)
  8 alligators
  42 two-headed ogres
  Erica (D:9)
  2 deep troll earth magi (Depths:4)
  4 spriggan berserkers
  14 ogre magi
  2 death yaks (Lair:5)
  4 deep troll shamans
  21 dancing weapons
  2 soul eaters (Depths:1)
  22 spriggans
  2 tengu warriors
  11 hell knights
  8 naga sharpshooters
  2 titan zombies (Vaults:5)
  4 shock serpents
  2 iron trolls
  A fire crab (shapeshifter) (Depths:3)
  16 deep elf knights
  5 skeletal warriors
  A death drake (Depths:2)
  4 shadow wraiths
  A fire crab (Gauntlet)
  22 deep trolls
  7 swamp dragons
  2 flayed ghosts (Depths:2)
  3 salamander mystics (Snake:4)
  3 unseen horrors
  2 spriggan druids (Swamp:4)
  7 sea snakes
  5 phantasmal warriors
  14 deep elf archers
  A gelid demonspawn (Depths:5)
  3 naga ritualists
  2 spectral hydras (Depths:2)
  3 infernal demonspawn
  A shadow demon (Depths:4)
  A swamp dragon (shapeshifter) (Vaults:5)
  4 glowing orange brains
  3 torturous demonspawn
  10 mana vipers
  10 orc knights
  A harpy (shapeshifter) (Elf:3)
  2 harpies (Vaults:3)
  8 necromancers
  18 ironbrand convokers
  An orc sorcerer (Elf:1)
  5 wolf spiders
  A salamander (shapeshifter) (Vaults:3)
  60 deep elf magi
  A manticore (shapeshifter) (Depths:1)
  9 cyclopes
  8 salamanders
  A manticore (D:12)
  74 ugly things
  22 moths of wrath
  A centaur zombie (D:13)
  16 elephants
  An elephant (shapeshifter) (Depths:5)
  11 vault sentinels
  Psyche (D:10)
  A rust devil (Depths:3)
  2 molten gargoyles (Desolation)
  2 torpor snails
  8 guardian serpents
  21 naga magi
  32 black mambas
  3 gargoyles
  17 spiny frogs
  An elf skeleton (Vaults:5)
  5 smoke demons
  4 centaur skeletons
  3 rime drakes
  8 komodo dragons
  3 kobold demonologists
  52 yaktaurs
  A hellwing (Depths:1)
  An anaconda simulacrum (Depths:2)
  A red devil (Depths:4)
  6 freezing wraiths
  7 spectral merfolk (Depths:2)
  A rime drake (shapeshifter) (Depths:1)
  A komodo dragon (shapeshifter) (Vaults:5)
  An ice devil (Depths:3)
  3 trolls
  A queen bee (Gauntlet)
  A meliai (shapeshifter) (Vaults:4)
  4 tengu conjurers
  3 polar bears (Lair:6)
  12 tyrant leeches
  19 hornets
  A raiju (shapeshifter) (Vaults:1)
  Prince Ribbit (D:8)
  49 saltlings (Desolation)
  13 slime creatures
  16 blink frogs
  15 dream sheep
  8 hippogriffs
  A meliai zombie (D:15)
  Grinder (D:3)
  6 bog bodies
  9 raiju
  A centaur simulacrum (D:14)
  7 shadows
  7 air elementals
  5 water elementals
  A large abomination (Abyss:3)
  16 wraiths
  4 basilisks
  27 yaks
  A basilisk (shapeshifter) (D:14)
  5 golden eyes
  A vampire (D:11)
  3 fire elementals
  3 hogs (Snake:1)
  4 fire bats (Gauntlet)
  A human simulacrum (Vaults:2)
  A chaos spawn (Depths:3)
  24 vampire mosquitoes
  3 neqoxecs
  Edmund (D:6)
  An acid dragon (Vaults:1)
  7 wargs
  45 nagas
  13 swamp worms
  3 hell hounds (Depths:2)
  A floating eye (Depths:2)
  A hydra simulacrum (Depths:2)
  2 spectral trolls (Depths:2)
  15 water moccasins
  10 porcupines
  Duvessa (D:5)
  A swamp drake (shapeshifter) (Vaults:5)
  10 swamp drakes
  3 ice beasts
  2 sky beasts
  4 phantoms
  2 eyes of draining
  30 orc warriors
  5 black bears
  2 necrophages
  51 ogres
  17 boggarts
  32 wolves
  A boggart (shapeshifter) (Depths:2)
  23 centaurs
  14 crocodiles
  3 big kobolds
  Blork the orc (D:6)
  A bullfrog (shapeshifter) (Vaults:5)
  An earth elemental (Elf:2)
  A wyvern zombie (D:13)
  9 bullfrogs
  Dowan (D:5)
  A water moccasin skeleton (D:8)
  8 scorpions
  A wyvern skeleton (D:8)
  9 killer bees
  A spectral naga (Depths:2)
  A spectral ogre (Depths:2)
  13 wights
  3 electric eels (Snake:2)
  4 spectral centaurs (Depths:2)
  13 crimson imps
  A howler monkey (D:6)
  7 quasits
  6 jellies
  3 hounds
  18 orc priests
  3 iguanas
  2 iron imps
  19 orc wizards
  6 lightning spires (Abyss:3)
  10 worker ants
  A hound skeleton (D:6)
  Robin (D:4)
  A howler monkey zombie (D:7)
  A naga simulacrum (Depths:2)
  6 worker ant zombies
  26 adders
  5 shadow imps
  A white imp (Depths:5)
  2 ufetubi
  6 oozes
  2 worms (D:2)
  A dart slug (D:1)
  7 leopard geckos
  121 orcs
  2 ball pythons
  2 bats
  2 bat zombies (D:8)
  5 giant cockroaches
  15 goblins
  10 hobgoblins
  10 jackals
  4 kobolds
  A quokka (shapeshifter) (Vaults:2)
  2 quokkas
  5 frilled lizards
  A leopard gecko skeleton (D:5)
  A leopard gecko zombie (D:5)
  A quokka skeleton (D:5)
  6 rats
  5 rat zombies (D:8)
  A spectral orc (D:7)
  9 briar patches (Swamp:2)
  8 fungi
  2 pillars of salt (Vaults:2)
  17 plants
2293 creatures vanquished.

Vanquished Creatures (collateral kills)
  A killer bee (D:9)
1 creature vanquished.

Vanquished Creatures (others)
  Nikola (Depths:1)
  A lich (Vaults:5)
  A death cob (Zot:5)
  3 thorn hunters (Swamp:2)
  A storm dragon (Depths:5)
  4 deep elf sorcerers
  A fire giant (Depths:4)
  A deep elf elementalist (Elf:3)
  An ironheart preserver (Vaults:2)
  A very ugly thing (Depths:4)
  A stone giant (Vaults:3)
  A halazid warlock (Desolation)
  2 deep elf demonologists (Elf:3)
  A deep elf annihilator (Elf:3)
  A minotaur (Gauntlet)
  A deep elf death mage (Elf:3)
  A yaktaur captain (Vaults:3)
  2 great orbs of eyes
  2 ogre magi
  An ice dragon (D:14)
  4 ragged hierophants (Desolation)
  9 naga warriors
  9 hydras
  A ghost crab (Swamp:4)
  A vault guard (Vaults:3)
  2 centaur warriors
  A catoblepas (D:14)
  A death knight (D:15)
  2 two-headed ogres
  5 anacondas
  3 dancing weapons
  An alligator (Swamp:3)
  2 shock serpents
  4 naga sharpshooters
  7 deep elf knights
  A hell knight (Depths:4)
  A salamander mystic (Snake:1)
  3 swamp dragons
  A flayed ghost (Vaults:3)
  3 naga ritualists
  A deep elf archer (Elf:3)
  A harpy (Vaults:3)
  4 ugly things
  2 mana vipers
  3 orc knights
  A cyclops (Vaults:2)
  12 deep elf magi
  A salamander (shapeshifter) (Vaults:3)
  A moth of wrath (Zot:1)
  4 salamanders
  A molten gargoyle (Desolation)
  2 guardian serpents (Snake:4)
  7 naga magi
  A vault sentinel (Vaults:2)
  7 black mambas
  2 yaktaurs
  A komodo dragon (Swamp:2)
  3 tyrant leeches (Swamp:2)
  4 saltlings (Desolation)
  A fire elemental (Elf:2)
  5 vampire mosquitoes
  9 nagas
  2 swamp worms (Swamp:1)
  A spectral spriggan (Depths:2)
  7 orc warriors
  A swamp drake (Swamp:4)
  A killer bee (D:9)
  A tengu (shapeshifter) (Depths:3)
  An earth elemental (Elf:2)
  3 orcs
  7 briar patches
  14 fungi
  A lurking horror (Abyss:2)
  36 plants
  10 starspawn tentacles
247 creatures vanquished.

Grand Total: 2541 creatures vanquished

Notes
Turn   | Place    | Note
-------+----------+-------------------------------------------
     0 | Abyss:1  | MeekVeins the Hill Orc Abyssal Knight began the quest for
                  | the Orb.
     0 | Abyss:1  | Reached XP level 1. HP: 19/19 MP: 2/2
    18 | Abyss:1  | Found a corrupted altar of Lugonu.
    45 | Abyss:1  | Found a corrupted altar of Lugonu.
    49 | Abyss:1  | Found a corrupted altar of Lugonu.
    74 | D:1      | Escaped the Abyss
   532 | D:1      | Reached XP level 2. HP: 26/26 MP: 3/3
   904 | D:1      | Reached ** piety under Lugonu
  1167 | D:2      | Reached XP level 3. HP: 27/31 MP: 4/4
  1244 | D:2      | Reached skill level 5 in Axes
  1244 | D:2      | Reached XP level 4. HP: 26/39 MP: 5/5
  2014 | D:2      | Reached XP level 5. HP: 43/45 MP: 6/6
  2096 | D:2      | Found a faded altar of an unknown god.
  2500 | D:3      | Noticed Grinder
  3152 | D:4      | Noticed a phantom
  3199 | D:4      | Reached XP level 6. HP: 23/51 MP: 3/7
  3412 | D:4      | Killed a phantom
  3412 | D:4      | Reached skill level 4 in Fighting
  3529 | D:4      | Reached *** piety under Lugonu
  3566 | D:4      | Reached skill level 5 in Fighting
  3694 | D:4      | Found a burning altar of Makhleb.
  3696 | D:4      | Found a glowing silver altar of Zin.
  3696 | D:4      | Noticed an angel
  3697 | D:4      | Noticed a balrug
  3721 | D:4      | Noticed Robin
  3737 | D:4      | Killed Robin
  3859 | D:4      | Reached XP level 7. HP: 39/61 MP: 7/9
  4061 | D:5      | Entered Level 5 of the Dungeon
  4196 | D:5      | Noticed Duvessa
  4196 | D:5      | Noticed Dowan
  4601 | D:5      | Found a runed translucent door.
  4602 | D:5      | Noticed Crazy Yiuf
  4625 | D:5      | Found a staircase to the Ecumenical Temple.
  5604 | D:3      | Killed Grinder
  5604 | D:3      | Reached skill level 6 in Fighting
  5604 | D:3      | Reached skill level 5 in Invocations
  5793 | D:4      | Reached XP level 8. HP: 57/71 MP: 9/11
  6103 | D:6      | Reached **** piety under Lugonu
  6103 | D:6      | Reached skill level 10 in Axes
  6430 | D:5      | Killed Dowan
  6430 | D:5      | Reached skill level 7 in Fighting
  6452 | D:5      | Killed Duvessa
  6702 | D:6      | Noticed Blork the orc
  6721 | D:6      | Killed Blork the orc
  6721 | D:6      | Reached XP level 9. HP: 68/79 MP: 11/14
  6892 | D:6      | Noticed Edmund
  6913 | D:6      | Killed Edmund
  6993 | D:6      | Found a burning altar of Makhleb.
  7386 | D:7      | Found a blossoming altar of Fedhas.
  7430 | D:7      | Found Adunevuh's Jewellery Shoppe.
  7614 | D:7      | Found a sacrificial altar of Ru.
  8088 | D:7      | Found an iron altar of Okawaru.
  8090 | D:7      | Noticed a +0 hand axe
  8090 | D:7      | Noticed a +0 hand axe
  8091 | D:7      | Found a hide-covered altar of Uskayaw.
  8716 | D:7      | Found a basalt altar of Yredelemnul.
  8961 | D:8      | Found a flagged portal.
  9006 | Bailey   | Entered a bailey
  9228 | Bailey   | Reached skill level 8 in Fighting
  9639 | Bailey   | Reached skill level 5 in Armour
  9857 | Bailey   | Reached XP level 10. HP: 74/88 MP: 13/16
 10136 | Bailey   | Reached skill level 9 in Fighting
 10413 | Bailey   | Found a roughly hewn altar of Beogh.
 10413 | Bailey   | Noticed an orc knight
 10414 | Bailey   | Banished an orc knight
 10529 | D:8      | Reached skill level 10 in Fighting
 10552 | D:8      | Noticed Prince Ribbit
 10582 | D:8      | Killed Prince Ribbit
 11218 | D:8      | Found an ancient bone altar of Kikubaaqudgha.
 11598 | D:9      | Found a snail-covered altar of Cheibriados.
 11619 | D:9      | Reached skill level 11 in Fighting
 11632 | D:9      | Found a white marble altar of Elyvilon.
 11770 | D:9      | Noticed Erica
 11789 | D:9      | Killed Erica
 12001 | D:9      | Reached skill level 12 in Fighting
 12379 | D:10     | Entered Level 10 of the Dungeon
 12445 | D:10     | Reached XP level 11. HP: 101/105 MP: 17/17
 12499 | D:10     | Reached skill level 13 in Fighting
 12522 | D:10     | Reached ***** piety under Lugonu
 12832 | D:10     | Noticed a two-headed ogre
 12855 | D:10     | Killed a two-headed ogre
 12855 | D:10     | Reached skill level 14 in Fighting
 12873 | D:10     | Found a staircase to the Lair.
 13013 | D:10     | Noticed a two-headed ogre
 13016 | D:10     | Banished a two-headed ogre
 13016 | D:10     | Reached skill level 15 in Fighting
 13048 | D:10     | Noticed Psyche
 13057 | D:10     | Killed Psyche
 13306 | D:10     | Found Ipsuc's Assorted Antiques.
 13309 | D:10     | Bought a scroll labeled WILUMU FING for 26 gold pieces
 13309 | D:10     | Bought a scroll labeled HOIMASYXORR for 26 gold pieces
 13765 | D:11     | Noticed a brown ugly thing
 13768 | D:11     | Banished a brown ugly thing
 13768 | D:11     | Reached skill level 16 in Fighting
 13951 | D:11     | Noticed a two-headed ogre
 13972 | D:11     | Killed a two-headed ogre
 13972 | D:11     | Reached skill level 1 in Evocations
 14322 | D:11     | Got an ancient copper ring
 14460 | D:12     | Noticed a purple ugly thing
 14461 | D:12     | Banished a purple ugly thing
 14528 | D:12     | Found a burning altar of Makhleb.
 14531 | D:12     | Identified the ring of Descent {rF++ AC+5 SInv} (You found
                  | it on level 11 of the Dungeon)
 14532 | D:12     | Noticed Jorgrun
 14564 | D:12     | HP: 4/116 [Jorgrun/+0 quarterstaff of crushing (4)]
 15075 | Lair:1   | Entered Level 1 of the Lair of Beasts
 15119 | Lair:1   | Noticed an eight-headed hydra
 15121 | Lair:1   | Banished an eight-headed hydra
 15121 | Lair:1   | Reached XP level 12. HP: 124/124 MP: 13/18
 15380 | Lair:1   | Reached skill level 17 in Fighting
 15687 | Lair:1   | Reached skill level 10 in Armour
 16213 | Lair:2   | Noticed Gastronok
 16259 | Lair:2   | Killed Gastronok
 16259 | Lair:2   | Reached skill level 10 in Invocations
 17325 | Lair:2   | Noticed a four-headed hydra
 17332 | Lair:2   | Banished a four-headed hydra
 17346 | Lair:2   | Reached skill level 1 in Shields
 18149 | Lair:3   | Reached XP level 13. HP: 114/132 MP: 17/21
 18771 | Lair:3   | Reached skill level 5 in Shields
 19729 | Lair:4   | Reached skill level 15 in Armour
 20185 | Lair:4   | Found a staircase to the Snake Pit.
 20958 | Lair:4   | Found a staircase to the Swamp.
 22068 | Lair:5   | Reached XP level 14. HP: 90/140 MP: 18/24
 22723 | Lair:5   | Noticed Josephine
 22733 | Lair:5   | Killed Josephine
 22842 | Lair:5   | Found a viscous altar of Jiyva.
 22842 | Lair:5   | Found a staircase to the Slime Pits.
 23094 | Lair:5   | Noticed Nessos
 23123 | Lair:5   | Killed Nessos
 23522 | Lair:6   | Entered Level 6 of the Lair of Beasts
 23954 | Lair:6   | Reached skill level 10 in Shields
 24914 | Lair:6   | Reached ****** piety under Lugonu
 25957 | D:11     | Killed Jorgrun
 26922 | D:12     | Found a roughly hewn altar of Beogh.
 26922 | D:12     | Found a staircase to the Orcish Mines.
 27099 | D:12     | Reached XP level 15. HP: 107/147 MP: 22/25
 27366 | Orc:1    | Entered Level 1 of the Orcish Mines
 27990 | Orc:2    | Entered Level 2 of the Orcish Mines
 28862 | Orc:2    | Reached skill level 15 in Invocations
 28864 | Orc:2    | Reached skill level 15 in Axes
 29211 | Orc:2    | Found Nuhaibagg's General Store.
 29211 | Orc:2    | Found Goricvob's Distillery.
 29212 | Orc:2    | Found Xicef's Magic Scroll Boutique.
 29212 | Orc:2    | Found Tisk's Armour Emporium.
 29226 | Orc:2    | Bought a scroll of amnesia for 49 gold pieces
 29502 | Orc:2    | Found a staircase to the Elven Halls.
 29954 | Snake:1  | Entered Level 1 of the Snake Pit
 30191 | Swamp:1  | Entered Level 1 of the Swamp
 31180 | Swamp:1  | Noticed a thorn hunter
 31798 | Orc:2    | Bought +1 swamp dragon scales for 684 gold pieces
 32066 | Snake:1  | Corrupted Snake:1
 32066 | Snake:1  | Noticed a tentacled starspawn
 32066 | Snake:1  | Noticed a tentacled starspawn
 32071 | Snake:1  | Noticed a cacodemon
 32078 | Snake:1  | Noticed a tentacled starspawn
 32084 | Lair:4   | Reached skill level 1 in Dodging
 32540 | Snake:2  | Found a shimmering blue altar of Sif Muna.
 32871 | Snake:1  | Identified a +2 broad axe of distortion (a +0 broad axe
                  | corrupted by Lugonu)
 32871 | Snake:1  | Received a gift from Lugonu
 32984 | Snake:1  | Noticed Kirke
 33532 | Snake:1  | Noticed Donald
 33566 | Snake:1  | Killed Donald
 33586 | Snake:1  | Reached XP level 16. HP: 118/155 MP: 25/28
 34150 | Snake:1  | Killed Kirke
 35131 | Orc:2    | Bought a scroll of blinking for 97 gold pieces
 35131 | Orc:2    | Bought a scroll of enchant weapon for 97 gold pieces
 35132 | Orc:2    | Bought a scroll of enchant armour for 105 gold pieces
 35132 | Orc:2    | Bought a scroll of enchant armour for 105 gold pieces
 35132 | Orc:2    | Bought a scroll of enchant weapon for 105 gold pieces
 35829 | Snake:2  | Reached skill level 5 in Dodging
 36605 | Snake:3  | Noticed Louise
 36628 | Snake:3  | Killed Louise
 36741 | Snake:3  | Reached skill level 15 in Shields
 37390 | Snake:3  | Identified Roxanne's Incunabulum of Earth
 37390 | Snake:3  | Noticed Roxanne
 37640 | Snake:3  | Identified the Collected Works on Companions and Earth
 37855 | Snake:4  | Entered Level 4 of the Snake Pit
 38983 | Snake:4  | Found Itall's Gadget Shop.
 38983 | Snake:4  | Found Ujicu's Jewellery Shoppe.
 38984 | Snake:4  | Found Vyinon's Jewellery Shoppe.
 39016 | Snake:4  | Noticed a nagaraja
 39036 | Snake:4  | Killed a nagaraja
 39053 | Snake:4  | Noticed a nagaraja
 39060 | Snake:4  | Reached XP level 17. HP: 109/161 MP: 26/29
 40596 | Snake:4  | Reached skill level 18 in Fighting
 41028 | Snake:4  | Got a serpentine rune of Zot
 41363 | Swamp:1  | You fall into a shaft and drop 1 floor!
 43081 | Swamp:3  | Reached XP level 18. HP: 154/173 MP: 29/31
 43692 | Swamp:3  | Noticed Bai Suzhen
 44828 | Swamp:3  | Killed Bai Suzhen
 44828 | Swamp:3  | Reached skill level 19 in Fighting
 45431 | Swamp:4  | Entered Level 4 of the Swamp
 45650 | Swamp:4  | Noticed Mara
 45664 | Swamp:4  | Banished Mara
 45664 | Swamp:4  | Reached skill level 5 in Evocations
 46108 | Swamp:4  | Noticed the 27-headed Lernaean hydra
 46446 | D:13     | Found a gate leading to a gauntlet.
 46463 | Gauntlet | Entered a Gauntlet
 46463 | Gauntlet | Found a transporter.
 46471 | Gauntlet | Found a transporter.
 46472 | Gauntlet | Found a transporter.
 46490 | Gauntlet | Found a transporter.
 46491 | Gauntlet | Found a transporter.
 46505 | Gauntlet | Found a transporter.
 46521 | Gauntlet | Found a transporter.
 46533 | Gauntlet | Found a transporter.
 46547 | Gauntlet | Found a transporter.
 46547 | Gauntlet | Found a transporter.
 46557 | Gauntlet | Found a transporter.
 46579 | Gauntlet | Found a transporter.
 46605 | Gauntlet | Found a transporter.
 46618 | Gauntlet | Found a transporter.
 46733 | Gauntlet | Got a twitching wooden ring
 46737 | Gauntlet | Identified the ring of Negerch {rN++ MR- rCorr Dex+4} (You
                  | found it in a Gauntlet)
 46837 | D:13     | Noticed Frances
 46933 | D:13     | Killed Frances
 47454 | D:14     | Got a scorched cloak
 47471 | D:14     | Identified the +2 cloak of Amelioration {rC+ Slay+2} (You
                  | found it on level 14 of the Dungeon)
 47615 | D:14     | Reached skill level 20 in Fighting
 47731 | D:14     | Found a gate to the Vaults.
 47859 | D:15     | Entered Level 15 of the Dungeon
 48055 | D:15     | Found Xuqasm's Antique Weapon Emporium.
 48223 | D:15     | Found a staircase to the Depths.
 49040 | Elf:1    | Entered Level 1 of the Elven Halls
 49092 | Elf:1    | Paralysed by an orc sorcerer for 5 turns
 49206 | Elf:1    | Reached skill level 10 in Dodging
 49498 | Elf:1    | Cast into level 3 of the Abyss (a deep elf sorcerer)
 49519 | Abyss:3  | Reached XP level 19. HP: 176/185 MP: 32/32
 49548 | Abyss:3  | Got an abyssal rune of Zot
 49585 | Abyss:3  | Gained mutation: Armour fits poorly on your strangely
                  | shaped body. [a neqoxec]
 49700 | Elf:1    | Escaped the Abyss
 49886 | Elf:1    | Identified the +4 scale mail of Qazlal's Anger {*Contam
                  | rPois MR+ Regen+} (You found it on level 1 of the Elven
                  | Halls)
 49964 | Elf:1    | Identified the Guide on Combat Magic
 50753 | Elf:2    | Found a huge runed translucent gate.
 50753 | Elf:2    | Found a huge runed translucent gate.
 50753 | Elf:2    | Found a huge runed translucent gate.
 50753 | Elf:2    | Found a huge runed translucent gate.
 50754 | Elf:2    | Found a huge runed translucent gate.
 51577 | Elf:2    | Cast into level 2 of the Abyss (+2 halberd of distortion)
 51912 | Elf:2    | Escaped the Abyss
 52234 | Elf:3    | Entered Level 3 of the Elven Halls
 52576 | Elf:3    | Found a radiant altar of Vehumet.
 53083 | Elf:3    | Identified the +3 rapier of the Hall of Blades {protect,
                  | MR+ Int+3}
 53336 | Elf:3    | Identified Sif Muna's Guide on the Twisted Frostbite
 53381 | Elf:3    | Identified the Tome of Noxious Dislocation
 53455 | Elf:3    | Corrupted Elf:3
 53478 | Elf:3    | Identified the cursed +1 robe "Coicok" {-Tele rElec Str+4}
 53519 | Elf:3    | Identified the cursed +0 pair of boots of the Gusle {rF+++
                  | Str+4 Int-2 Slay+4} (You found it on level 3 of the Elven
                  | Halls)
 53521 | Elf:3    | Identified the +5 chain mail "Nuaduska" {rElec} (You found
                  | it on level 3 of the Elven Halls)
 53705 | Elf:3    | Reached XP level 20. HP: 151/193 MP: 26/33
 54060 | Elf:3    | Gained mutation: Scrolls take you a little longer to read.
                  | [mutagenic glow]
 54308 | Vaults:1 | Entered Level 1 of the Vaults
 54652 | Vaults:1 | Found Kiatt's Jewellery Boutique.
 54954 | Vaults:1 | Reached skill level 21 in Fighting
 56270 | Vaults:2 | Reached skill level 22 in Fighting
 56316 | Vaults:2 | Found a ruined gateway.
 56338 | Desolati | Entered the Desolation of Salt
 56638 | Desolati | Lost mutation: Armour fits poorly on your strangely shaped
                  | body. [potion of mutation]
 56638 | Desolati | Lost mutation: Scrolls take you a little longer to read.
                  | [potion of mutation]
 56638 | Desolati | Gained mutation: Armour fits poorly on your strangely
                  | shaped body. [potion of mutation]
 56638 | Desolati | Gained mutation: You are partially covered in icy blue
                  | scales. (AC +2) [potion of mutation]
 56639 | Desolati | Lost mutation: Armour fits poorly on your strangely shaped
                  | body. [potion of mutation]
 56639 | Desolati | Gained mutation: You are resistant to electric shocks.
                  | (rElec) [potion of mutation]
 56639 | Desolati | Gained mutation: You have large cloven feet. [potion of
                  | mutation]
 56639 | Desolati | Gained mutation: Your system is resistant to poisons.
                  | (rPois) [potion of mutation]
 56639 | Desolati | Gained mutation: You are surrounded by a mild repulsion
                  | field. (EV +2) [potion of mutation]
 57004 | Desolati | Identified the ring "Pixeg" {Fire rPois rN+}
 57243 | Desolati | Reached XP level 21. HP: 161/207 MP: 34/34
 57406 | Desolati | Identified the ring of Ateinuof {rPois Str+5} (You found it
                  | in the Desolation of Salt)
 57409 | Desolati | Identified the Compendium of the Supportive Blaze
 57691 | Desolati | Identified Sif Muna's Reference Book on the Vitriolic Rocks
 57700 | Desolati | Identified the +4 longbow "Kefiuk Cuyl" {flame, rF+ Int-5
                  | Dex+2} (You found it in the Desolation of Salt)
 57803 | Desolati | Identified the Tome of Mutagenic Necromancy
 58573 | Vaults:2 | Found a staircase to the Crypt.
 58687 | Vaults:2 | Found Burphor's Assorted Antiques.
 58705 | Vaults:2 | Bought a pink potion for 28 gold pieces
 58705 | Vaults:2 | Reached XP level 22. HP: 210/215 MP: 35/35
 59715 | Vaults:3 | Found Oplin's General Store.
 60564 | Orc:2    | Bought a scroll of magic mapping for 49 gold pieces
 60564 | Orc:2    | Bought a scroll of magic mapping for 49 gold pieces
 60564 | Orc:2    | Bought a scroll of teleportation for 42 gold pieces
 60564 | Orc:2    | Bought a scroll of identify for 28 gold pieces
 60565 | Orc:2    | Bought a potion of haste for 150 gold pieces
 60565 | Orc:2    | Bought a potion of heal wounds for 75 gold pieces
 60566 | Orc:2    | Bought a scroll of teleportation for 39 gold pieces
 60891 | Snake:4  | Bought an uncursed ring of protection from magic for 300
                  | gold pieces
 61347 | Vaults:4 | Reached XP level 23. HP: 218/223 MP: 36/36
 62725 | Depths:1 | Entered Level 1 of the Depths
 63174 | Depths:1 | Found a one-way gate to the infinite horrors of the Abyss.
 63250 | Depths:1 | Reached skill level 23 in Fighting
 63298 | Depths:1 | Noticed Nikola
 63311 | Depths:1 | Killed Nikola
 63348 | Depths:1 | Found a one-way gate leading to the halls of Pandemonium.
 63352 | Depths:1 | Gained mutation: You are partially covered in molten
                  | scales. (AC +2) [a cacodemon]
 63634 | Depths:1 | Found a gateway to Hell.
 64181 | Depths:2 | Noticed an ancient lich
 64190 | Depths:2 | Killed an ancient lich
 64194 | Depths:2 | Reached skill level 24 in Fighting
 64307 | Depths:2 | Reached XP level 24. HP: 176/238 MP: 37/37
 65305 | Depths:3 | You fall into a shaft and drop 2 floors!
 65305 | Depths:5 | Entered Level 5 of the Depths
 65308 | Depths:5 | Noticed a juggernaut
 65347 | Depths:4 | Reached skill level 25 in Fighting
 66540 | Depths:3 | Got a wavering brass ring
 66542 | Depths:3 | Identified the ring "Kihum" {MR++ MP+9 Str+2} (You found it
                  | on level 3 of the Depths)
 66552 | Depths:3 | Found the +0 mask of the Dragon {MR+ Slay+3 SInv}
 66761 | Depths:3 | Reached skill level 26 in Fighting
 67477 | Depths:4 | Got a brightly glowing diamond amulet
 67478 | Depths:4 | Identified the amulet of Munaen {Spirit *Drain rF+ Slay+2
                  | Stlth+} (You found it on level 4 of the Depths)
 67582 | Depths:4 | Identified the Tome of Enthralling Transformation
 67959 | Depths:4 | Reached skill level 27 in Fighting
 67963 | Depths:4 | Noticed Margery
 67980 | Depths:4 | Reached XP level 25. HP: 218/250 MP: 37/37
 68050 | Depths:4 | Found Jequamet's Antique Armour Boutique.
 68060 | Depths:4 | Found a gateway to a ziggurat.
 68077 | Depths:4 | Bought the +18 shield of the Gong {rElec rN+ MR+ EV-5} for
                  | 2335 gold pieces
 68077 | Depths:4 | Found the +18 shield of the Gong {rElec rN+ MR+ EV-5}
 68636 | Depths:4 | Killed a juggernaut
 68741 | Depths:5 | Reached skill level 15 in Dodging
 69175 | Depths:4 | Killed Margery
 69322 | Depths:5 | Found a shimmering altar of Xom.
 69426 | Depths:5 | Found a gate to the Realm of Zot.
 70208 | Swamp:4  | Killed the 18-headed Lernaean hydra
 70540 | Swamp:4  | Got a decaying rune of Zot
 71021 | Vaults:5 | Entered Level 5 of the Vaults
 71033 | Vaults:5 | Reached XP level 26. HP: 151/259 MP: 26/38
 71753 | Vaults:5 | Noticed an ancient lich
 71870 | Vaults:5 | Killed an ancient lich
 72382 | Vaults:5 | Noticed an ancient lich
 72391 | Vaults:5 | Killed an ancient lich
 72396 | Vaults:5 | Identified the amulet of Leaves {Faith Fragile Str+2 Dex+3
                  | Stlth+}
 72924 | Vaults:5 | Reached XP level 27. HP: 249/266 MP: 39/39
 72960 | Vaults:5 | Identified the +9 rapier of the Queen {speed, Dex+4}
 73015 | Vaults:5 | Found the +8 frozen axe "Frostbite" {freezing cloud, *Noise
                  | +Fly rC+}
 73023 | Vaults:5 | Got a silver rune of Zot
 73299 | Vaults:5 | Identified Sif Muna's Volume of Assistive Lightness
 73344 | Vaults:5 | Found the +15 Maxwell's patent armour {-Cast -Tele rElec
                  | MR+ rCorr}
 73354 | Vaults:5 | Identified Emeunkenk's Guide on Lucky Shape Shifting
 73358 | Vaults:5 | Got a heavily runed ruby amulet
 73359 | Vaults:5 | Identified the amulet "Vonew" {Inacc MP+9 Str+2} (You found
                  | it on level 5 of the Vaults)
 73375 | Vaults:5 | Identified the Reference Book on Confrontation and Fire
 74137 | Depths:4 | Bought a runed hat for 168 gold pieces
 74211 | Zot:1    | Entered Level 1 of the Realm of Zot
 75747 | Zot:2    | Found a transporter.
 76104 | Zot:2    | Found a transporter.
 79408 | Zot:5    | Entered Level 5 of the Realm of Zot
 80051 | Zot:5    | Reached skill level 10 in Evocations
 80084 | Zot:5    | Noticed an ancient lich
 80084 | Zot:5    | Noticed an ancient lich
 80084 | Zot:5    | Noticed an orb of fire
 80084 | Zot:5    | Noticed an orb of fire
 80084 | Zot:5    | Gained mutation: You are somewhat resistant to further
                  | mutation. [an orb of fire]
 80370 | Zot:5    | Gained mutation: You are occasionally teleported next to
                  | monsters. [an orb of fire]
 80376 | Zot:5    | Killed an orb of fire
 80383 | Zot:5    | Noticed an orb of fire
 80389 | Zot:5    | Killed an orb of fire
 80403 | Zot:5    | Killed an orb of fire
 80412 | Zot:5    | Killed an ancient lich
 80474 | Zot:5    | Noticed an ancient lich
 80500 | Zot:5    | Killed an ancient lich
 80817 | Zot:5    | Noticed an ancient lich
 80830 | Zot:5    | Killed an ancient lich
 80840 | Zot:5    | Killed an ancient lich
 80845 | Zot:5    | Noticed an ancient lich
 80856 | Zot:5    | Killed an ancient lich
 80904 | Zot:5    | Noticed an orb of fire
 80916 | Zot:5    | Gained mutation: Potions are less effective at restoring
                  | your health. [an orb of fire]
 80924 | Zot:5    | Killed an orb of fire
 81127 | Zot:5    | Identified 3 scrolls of acquirement
 82170 | Zot:5    | Got the Orb of Zot
 82609 | D:11     | Noticed Hank the pandemonium lord
 82736 | D:5      | Noticed Sioponal the pandemonium lord
 82859 | D:$      | Escaped with the Orb!

Levels and vault maps discovered:
D:1:      lightli_arrival_quake, layout_basic
D:2:      layout_basic, chequers_ecumenical_altar_lobes, chequers_mini_garden,
          kennysheep_generic_room_2
D:3:      layout_basic, first_ration, uniq_grinder
D:4:      layout_gridville, grunt_temple_overflow_order_and_chaos_2,
          chequers_arboretum, uniq_robin
D:5:      layout_basic, temple_hall, uniq_crazy_yiuf_cottage, uniq_duvessa
D:6:      layout_cave_pools, makhleb_blood_cavern_becter, uniq_edmund,
          uniq_blork_the_orc
D:7:      layout_basic, fedhas_ov_isle_minmay, dancing_weapons_uskayaw,
          yredelemnul_forgotten_temple_becter, old_standard_altar, serial_shops,
          shop, okawaru_metal_pillars_1_2
D:8:      layout_gridville, lemuel_zombie_altar_kikubaaqudgha, enter_bailey_3,
          uniq_prince_ribbit1
D:9:      layout_roguey, minitemple, hangedman_little_slice_of_home, uniq_erica
D:10:     layout_basic, minmay_lair_entry_grove, serial_shops,
          nicolae_shop_behind_doors, uniq_psyche
D:11:     layout_stronghold
D:12:     layout_roguey, david_orc_5, basic_altar, special_room
          [special_room_orc], uniq_jorgrun
D:13:     layout_rooms, gauntlet_entry_generic, uniq_frances
D:14:     layout_cave_pools, david_vaults_4
D:15:     grunt_enter_depths_giant_problem, layout_layer_cave,
          minmay_misc_feat_hallway, serial_shops, shop
Lair:1:   layout_gridlike
Lair:2:   layout_regular_city, minmay_shattered_shrine, uniq_gastronok
Lair:3:   layout_chaotic_city
Lair:4:   layout_cave_shapes, minmay_swamp_entry_worms,
          minmay_snake_entry_six_corridors, infiniplex_staircase_pool_2
Lair:5:   layout_cave_pods, slime_altar_1, uniq_josephine, uniq_nessos
Lair:6:   minmay_lair_end_enchanted_forest, layout_layer_cave,
          chequers_serial_rivers_micro_b, serial_bayou_shore_b,
          serial_bayou_shore_b
Swamp:1:  layout_basic_swamp, nicolae_swamp_fairy_circle, swamp_pool4,
          nicolae_swamp_oklob_treasure_island, infiniplex_staircase_pool
Swamp:2:  layout_basic_swamp, evilmike_swamp_ruin_house_3
Swamp:3:  layout_basic_swamp, evilmike_swamp_ruin_rubble_2, uniq_bai_suzhen
Swamp:4:  swamp_old_school, layout_basic_swamp, uniq_mara
Snake:1:  layout_misc_corridors, evilmike_ambush [evilmike_ambush_outer_corners,
          evilmike_ambush_inner_basic], uniq_kirke, uniq_donald
Snake:2:  layout_cave_shapes, serial_bayou, serial_bayou_pond_a,
          serial_bayou_lagoon_a, serial_bayou_crossing, serial_bayou_pond_a,
          basic_altar
Snake:3:  layout_onion, drop_trap, st_stairs_13, grunt_ministairs_11,
          grunt_megastairs_2, uniq_louise, uniq_roxanne
Snake:4:  grunt_snake_rune_pools, layout_cave_town, guppyfry_library_mini,
          minmay_shop_grove
Orc:1:    layout_diamond_mine
Orc:2:    st_orc_ogre_mass, layout_caves
Elf:1:    eino_elf_arrival_customs, layout_geoelf_grid, minmay_elf_annihilation,
          lemuel_flamethrower_1
Elf:2:    layout_geoelf_octagon
Elf:3:    elf_hall, layout_onion_city, basic_altar, grunt_ministairs_4
Vaults:1: v_misc_23, v_rooms_6, grunt_vaults_funnel, v_alt_pattern_4, v_misc_3,
          grunt_vaults_trifunnel, ontoclasm_vaults_eye, hangedman_vaults_snaps,
          ontoclasm_vaults_decontamination, v_misc_24,
          nicolae_vaults_specimen_jars, vaults_room_pool, vaults_dpeg_doors,
          layout_vaults_omnigrid, serial_shops, shop
Vaults:2: v_misc_3, v_misc_10, v_misc_18, minmay_crypt_entry_simple_statues,
          vaults_mumra_minichess_inversion, nicolae_vaults_network_quinsquares
          [nicolae_vaults_network_quincunx_subvault,
          nicolae_vaults_network_quincunx_subvault,
          nicolae_vaults_network_quincunx_subvault,
          nicolae_vaults_network_quincunx_subvault], vaults_room_door_ring,
          vaults_dpeg_cross, hangedman_vaults_trim,
          nicolae_vaults_circle_grid_a, ontoclasm_vaults_misaligned,
          vaults_room_semicircle, ontoclasm_vaults_ring_large,
          layout_vaults_maze_bifur, portal_desolation_entry_garden,
          serial_shops, nicolae_shop_overgrown_old_shop
Vaults:3: v_misc_1, nicolae_vaults_triangles, hangedman_vaults_corner_blocks,
          grunt_vaults_focal, nicolae_vaults_what_the_h,
          hangedman_vaults_corner_blocks, v_pattern_2, vaults_dpeg_hooks,
          vaults_room_guarded_vault, layout_vaults_chaotic_city, serial_shops,
          nicolae_shop_trees
Vaults:4: v_misc_12, vaults_room_hangedman_quadrants,
          nicolae_vaults_yaktaur_gun_rack, vaults_mumra_minichess,
          ontoclasm_vaults_fault, vaults_room_fours, vaults_dpeg_diagonal,
          ontoclasm_vaults_ring_small, v_rooms_6, ontoclasm_vaults_shuriken,
          nicolae_vaults_theta, nicolae_vaults_ring_of_whatevers,
          layout_vaults_ring
Vaults:5: serial_shops
Depths:1: layout_honeycomb, grunt_pan_entry_zigzag, hell_entry,
          abyss_entry_crystal, kennysheep_just_a_vault, uniq_nikola
Depths:2: lemuel_river_lethe, hell_entry
Depths:3: minmay_the_grid_octo_tiled_octocenter [minmay_the_grid_octo_clover_2,
          minmay_the_grid_octo_checkerflower, minmay_the_grid_octo_pinwheel,
          minmay_the_grid_octo_empty,
          minmay_the_grid_octo_prize_square_snowflake,
          minmay_the_grid_square_5x5_tetrominoes,
          minmay_the_grid_square_5x5_minivault,
          minmay_the_grid_square_5x5_hourglass,
          minmay_the_grid_square_5x5_trominoes], layout_long_grid,
          rand_demon_pan_entry_1, pf_vacation_house_of_asmodeus,
          serial_co_window_serial, co_window_cross_1, co_window_paths_a,
          co_window_paths_a, co_window_paths_a, co_window_cross_1,
          co_window_paths_a, co_window_of_opportunity_a, co_window_broadway_b,
          co_window_of_opportunity_b, co_window_2corner, glass_columns_a
Depths:4: cheibrodos_poisonous_passages, layout_cave_pools, enter_ziggurat_a,
          abyss_entry, rand_demon_pan_entry_7, dk_noncrumbling_2, hell_entry,
          serial_shops, nicolae_shop_temple_entry_statues_fountains,
          uniq_margery
Depths:5: evilmike_zot_entry_round, layout_cave_pools, hell_entry,
          old_standard_altar, grunt_pan_entry_sceptre
Zot:1:    layout_onion_interference
Zot:2:    gammafunk_dig_for_victory, layout_concentric_octagons
Zot:3:    layout_concentric_octagons
Zot:4:    layout_misc_corridors
Zot:5:    layout_basic

Skill      XL: |  1  2  3  4  5  6  7  8  9 10 11 12 13 14 15 16 17 18 19 20 21 22 23 24 25 26 27 |
---------------+----------------------------------------------------------------------------------+-----
Axes           | 3 4 5 6 8 10 12 13 14 16 18 | 18.0
Fighting       | 5 6 7 8 12 16 17 18 20 22 24 27 | 27.0
Invocations    | 5 7 9 11 13 14 16 18 19 20 22 24 | 24.0
Armour         | 3 5 6 9 13 16 18 23 | 23.6
Evocations     | 3 4 6 10 | 10.0
Shields        | 3 7 13 15 16 18 19 20 | 20.0
Dodging        | 3 8 10 13 14 16 18 21 | 21.6

Action                   |  1- 3 |  4- 6 |  7- 9 | 10-12 | 13-15 | 16-18 | 19-21 | 22-24 | 25-27 || total
-------------------------+-------+-------+-------+-------+-------+-------+-------+-------+-------++-------
Melee: Hand axe          |    74 |   304 |   562 |   867 |  2041 |       |       |       |   103 ||  3951
       War axe           |       |       |       |    66 |   158 |       |       |   248 |    89 ||   561
       Scimitar          |       |       |       |       |     9 |    10 |       |       |       ||    19
       Broad axe         |       |       |       |       |    79 |  1479 |  1421 |  1320 |  1616 ||  5915
       Unarmed           |       |       |       |       |     4 |       |       |       |     1 ||     5
 Fire: Arbalest          |       |       |     9 |    33 |       |       |       |       |       ||    42
Throw: Stone             |       |    15 |     1 |       |       |       |       |       |       ||    16
       Dart              |       |       |       |     4 |       |     1 |       |       |       ||     5
       Throwing net      |       |       |       |       |       |       |       |       |     3 ||     3
Invok: Bend Space        |       |     2 |     5 |       |       |     3 |     4 |     1 |     1 ||    16
       Banish            |       |       |     7 |    12 |     6 |    30 |     4 |       |     5 ||    64
       Corrupt           |       |       |       |       |     1 |       |     1 |       |       ||     2
       Brand Weapon With |       |       |       |       |     1 |       |       |       |       ||     1
       Depart the Abyss  |       |       |       |       |       |       |     1 |       |       ||     1
Evoke: Wand              |       |       |    13 |    11 |    17 |    11 |    13 |     4 |     4 ||    73
       Lightning rod     |       |       |       |       |     3 |     1 |       |       |       ||     4
  Use: Scroll            |       |     5 |     3 |    15 |    12 |    12 |    17 |     5 |    33 ||   102
       Potion            |       |     1 |     5 |     4 |     4 |     7 |     7 |     1 |    11 ||    40
 Stab: Invisible         |       |       |       |     1 |       |       |       |       |       ||     1
       Paralysed         |       |       |       |     5 |    17 |       |       |     6 |     5 ||    33
       Distracted        |       |       |       |       |       |     1 |     1 |       |       ||     2
       Confused          |       |       |       |       |       |       |       |       |     2 ||     2
  Eat: Chunk             |     1 |     9 |    13 |    25 |    44 |    20 |    20 |    27 |    23 ||   182
       Ration            |       |       |     2 |     2 |     3 |    12 |     4 |     1 |    10 ||    34
Armor: Leather armour    |     3 |       |       |       |       |       |       |       |       ||     3
       Chain mail        |    18 |   148 |    40 |    58 |   880 |       |       |       |       ||  1144
       Ring mail         |     4 |       |       |       |       |       |       |       |       ||     4
       Plate armour      |       |       |   333 |   445 |       |   109 |   284 |   445 |   610 ||  2226
       Swamp dragon scal |       |       |       |       |    81 |   448 |       |       |       ||   529
       Scale mail        |       |       |       |       |       |       |   132 |       |       ||   132
       Gold dragon scale |       |       |       |       |       |       |       |       |   124 ||   124
Dodge: Dodged            |    38 |    77 |   154 |   210 |   473 |   447 |   281 |   387 |   496 ||  2563
Block: Shield            |       |    16 |       |       |   848 |   685 |       |       |  1327 ||  2876
       Large shield      |       |       |       |       |       |   180 |   985 |  1324 |   731 ||  3220
       Rpst.: Scimitar   |       |       |       |       |     1 |       |       |       |       ||     1

Table legend:
 A = Non-vault XP
 B = Vault XP
 C = Vault XP percentage of total XP
 D = Non-vault monster count
 E = Vault monster count
 F = Vault count percentage of total count
                 A         B        C        D         E       F
            +---------+---------+-------+---------+---------+-------
      Total |  841637 |  810109 |  49.0 |    1419 |     986 |  41.0
            +---------+---------+-------+---------+---------+-------
        D:1 |      29 |       0 |   0.0 |      16 |       0 |   0.0
        D:2 |     170 |       0 |   0.0 |      21 |       0 |   0.0
        D:3 |     109 |     249 |  69.6 |      22 |       1 |   4.3
        D:4 |     464 |      35 |   7.0 |      14 |      11 |  44.0
        D:5 |     511 |     214 |  29.5 |      23 |       2 |   8.0
        D:6 |     575 |     411 |  41.7 |      12 |       4 |  25.0
        D:7 |    1318 |       1 |   0.1 |      38 |       1 |   2.6
        D:8 |     893 |     291 |  24.6 |      23 |      12 |  34.3
        D:9 |    1391 |    1058 |  43.2 |      26 |       9 |  25.7
       D:10 |    2899 |    2260 |  43.8 |      19 |      14 |  42.4
       D:11 |    3615 |    3077 |  46.0 |      19 |       1 |   5.0
       D:12 |    7384 |    2293 |  23.7 |      38 |      41 |  51.9
       D:13 |    3975 |    2201 |  35.6 |      18 |       1 |   5.3
       D:14 |    6761 |    1772 |  20.8 |      20 |       2 |   9.1
       D:15 |   17506 |    1835 |   9.5 |      36 |       1 |   2.7
     Lair:1 |    2705 |       0 |   0.0 |       9 |       0 |   0.0
     Lair:2 |    2905 |    5085 |  63.6 |      11 |       9 |  45.0
     Lair:3 |    9030 |       0 |   0.0 |      30 |       0 |   0.0
     Lair:4 |   11285 |    2501 |  18.1 |      41 |      19 |  31.7
     Lair:5 |   10540 |    2992 |  22.1 |      29 |       5 |  14.7
     Lair:6 |    3631 |    9639 |  72.6 |      15 |      49 |  76.6
    Swamp:1 |   13245 |       0 |   0.0 |      31 |       0 |   0.0
    Swamp:2 |   15079 |       0 |   0.0 |      40 |       0 |   0.0
    Swamp:3 |   11660 |    5742 |  33.0 |      29 |       1 |   3.3
    Swamp:4 |    8406 |   23858 |  73.9 |      22 |      25 |  53.2
    Snake:1 |    7930 |    6434 |  44.8 |      12 |      14 |  53.8
    Snake:2 |   15373 |       0 |   0.0 |      35 |       0 |   0.0
    Snake:3 |   10393 |    4786 |  31.5 |      23 |       7 |  23.3
    Snake:4 |   23271 |   32911 |  58.6 |      44 |      59 |  57.3
      Orc:1 |     465 |       0 |   0.0 |       8 |       0 |   0.0
      Orc:2 |    1326 |   19396 |  93.6 |      21 |      44 |  67.7
      Elf:1 |   18596 |    6920 |  27.1 |      32 |      13 |  28.9
      Elf:2 |   17560 |   22756 |  56.4 |      30 |      29 |  49.2
      Elf:3 |    9457 |   27327 |  74.3 |      16 |      18 |  52.9
   Vaults:1 |   28517 |   14665 |  34.0 |      49 |      25 |  33.8
   Vaults:2 |   22352 |   17769 |  44.3 |      43 |      27 |  38.6
   Vaults:3 |   30395 |   23034 |  43.1 |      56 |      33 |  37.1
   Vaults:4 |   33418 |   40120 |  54.6 |      48 |      34 |  41.5
   Vaults:5 |   40263 |  133766 |  76.9 |      56 |      89 |  61.4
   Depths:1 |   35045 |    9593 |  21.5 |      44 |      14 |  24.1
   Depths:2 |       0 |   53574 | 100.0 |       0 |     104 | 100.0
   Depths:3 |   22826 |   38823 |  63.0 |      27 |      31 |  53.4
   Depths:4 |   56387 |   33178 |  37.0 |      55 |      29 |  34.5
   Depths:5 |   26866 |   22539 |  45.6 |      25 |      26 |  51.0
      Zot:1 |   45680 |       0 |   0.0 |      27 |       0 |   0.0
      Zot:2 |   36675 |       0 |   0.0 |      20 |       0 |   0.0
      Zot:3 |   75766 |       0 |   0.0 |      49 |       0 |   0.0
      Zot:4 |   44881 |       0 |   0.0 |      31 |       0 |   0.0
      Zot:5 |  100706 |  185407 |  64.8 |      59 |      43 |  42.2
    Abyss:2 |     625 |       0 |   0.0 |       2 |       0 |   0.0
    Abyss:3 |     778 |    3934 |  83.5 |       5 |      14 |  73.7
     Bailey |       0 |    1310 | 100.0 |       0 |      26 | 100.0
 Desolation |       0 |   42884 | 100.0 |       0 |      85 | 100.0
   Gauntlet |       0 |    3469 | 100.0 |       0 |      14 | 100.0
            +---------+---------+-------+---------+---------+-------

Table legend:
 A = Turns spent in this place as a percentage of turns spent in the entire game.
 B = Non-inter-level travel turns spent in this place as a percentage of non-inter-level travel turns spent in the entire game.
 C = Inter-level travel turns spent in this place as a percentage of turns spent in this place.
 D = Turns resting spent in this place as a percentage of non-inter-level travel turns spent in this place.
 E = Turns spent auto-exploring this place as a percentage of non-inter-level travel turns spent in this place.
 F = Non-inter-level travel turns spent in this place divided by the number of levels of this place that you've seen.
                   A       B       C       D       E      F
               +-------+-------+-------+-------+-------+----------------------
         Total | 100.0 | 100.0 |   8.1 |  30.7 |  40.9 | 1384.4
       Dungeon |  23.7 |  22.1 |  14.0 |  22.0 |  48.8 | 1123.9
          Lair |  16.2 |  15.7 |  10.6 |  40.2 |  37.0 | 1998.2
         Swamp |   7.4 |   7.7 |   4.6 |  26.6 |  50.9 | 1466.2
     Snake Pit |   9.8 |  10.2 |   4.4 |  43.5 |  31.8 | 1939.0
  Orcish Mines |   3.0 |   2.8 |  15.2 |  25.7 |  45.2 | 1067.5
   Elven Halls |   5.6 |   5.8 |   3.7 |  22.0 |  42.7 | 1477.3
        Vaults |  10.9 |  11.0 |   7.0 |  22.9 |  46.4 | 1675.4
        Depths |   8.8 |   9.2 |   4.3 |  27.0 |  39.0 | 1398.2
           Zot |   9.8 |  10.2 |   5.0 |  35.5 |  39.5 | 1546.6
         Abyss |   0.7 |   0.8 |   0.0 |  47.1 |   1.1 | 203.7
        Bailey |   1.8 |   2.0 |   0.0 |  64.3 |  13.9 | 1506.0
    Desolation |   1.8 |   2.0 |   0.0 |  41.0 |  17.4 | 1523.0
      Gauntlet |   0.4 |   0.5 |   0.0 |   0.0 |   6.8 | 367.0
               +-------+-------+-------+-------+-------+----------------------

Table legend:
 A = Kills in this place as a percentage of kills in entire the game.
 B = Kills by you in this place as a percentage of kills by you in the entire game.
 C = Kills by friends in this place as a percentage of kills by friends in the entire game.
 D = Other kills in this place as a percentage of other kills in the entire game.
 E = Experience gained in this place as a percentage of experience gained in the entire game.
 F = Experience gained in this place divided by the number of levels of this place that you have seen.
                   A       B       C       D       E      F
               +-------+-------+-------+-------+-------+----------------------
         Total | 100.0 | 100.0 | 100.0 | 100.0 | 100.0 | 30227.0
       Dungeon |  18.8 |  19.3 | 100.0 |  10.2 |   4.2 | 4678.5
          Lair |   9.0 |   9.5 |   0.0 |   1.9 |   3.6 | 10052.2
         Swamp |   6.1 |   5.2 |   0.0 |  19.1 |   4.7 | 19497.5
     Snake Pit |   8.0 |   6.8 |   0.0 |  26.1 |   6.1 | 25274.5
  Orcish Mines |   3.0 |   3.2 |   0.0 |   0.6 |   1.3 | 10593.5
   Elven Halls |   5.7 |   5.4 |   0.0 |  10.2 |   6.2 | 34205.3
        Vaults |  19.0 |  19.7 |   0.0 |  10.2 |  23.1 | 76859.8
        Depths |  14.8 |  15.2 |   0.0 |   8.9 |  18.2 | 60538.0
           Zot |   9.5 |  10.0 |   0.0 |   1.9 |  29.4 | 97823.0
         Abyss |   0.9 |   0.9 |   0.0 |   0.0 |   0.3 | 1779.0
        Bailey |   1.1 |   0.9 |   0.0 |   3.8 |   0.1 | 1310.0
    Desolation |   3.5 |   3.3 |   0.0 |   6.4 |   2.6 | 42884.0
      Gauntlet |   0.6 |   0.6 |   0.0 |   0.6 |   0.2 | 3469.0
               +-------+-------+-------+-------+-------+----------------------

Levels and vault maps discovered:
D:1:      lightli_arrival_quake, layout_basic
D:2:      layout_basic, chequers_ecumenical_altar_lobes, chequers_mini_garden,
          kennysheep_generic_room_2
D:3:      layout_basic, first_ration, uniq_grinder
D:4:      layout_gridville, grunt_temple_overflow_order_and_chaos_2,
          chequers_arboretum, uniq_robin
D:5:      layout_basic, temple_hall, uniq_crazy_yiuf_cottage, uniq_duvessa
D:6:      layout_cave_pools, makhleb_blood_cavern_becter, uniq_edmund,
          uniq_blork_the_orc
D:7:      layout_basic, fedhas_ov_isle_minmay, dancing_weapons_uskayaw,
          yredelemnul_forgotten_temple_becter, old_standard_altar, serial_shops,
          shop, okawaru_metal_pillars_1_2
D:8:      layout_gridville, lemuel_zombie_altar_kikubaaqudgha, enter_bailey_3,
          uniq_prince_ribbit1
D:9:      layout_roguey, minitemple, hangedman_little_slice_of_home, uniq_erica
D:10:     layout_basic, minmay_lair_entry_grove, serial_shops,
          nicolae_shop_behind_doors, uniq_psyche
D:11:     layout_stronghold
D:12:     layout_roguey, david_orc_5, basic_altar, special_room
          [special_room_orc], uniq_jorgrun
D:13:     layout_rooms, gauntlet_entry_generic, uniq_frances
D:14:     layout_cave_pools, david_vaults_4
D:15:     grunt_enter_depths_giant_problem, layout_layer_cave,
          minmay_misc_feat_hallway, serial_shops, shop
Lair:1:   layout_gridlike
Lair:2:   layout_regular_city, minmay_shattered_shrine, uniq_gastronok
Lair:3:   layout_chaotic_city
Lair:4:   layout_cave_shapes, minmay_swamp_entry_worms,
          minmay_snake_entry_six_corridors, infiniplex_staircase_pool_2
Lair:5:   layout_cave_pods, slime_altar_1, uniq_josephine, uniq_nessos
Lair:6:   minmay_lair_end_enchanted_forest, layout_layer_cave,
          chequers_serial_rivers_micro_b, serial_bayou_shore_b,
          serial_bayou_shore_b
Swamp:1:  layout_basic_swamp, nicolae_swamp_fairy_circle, swamp_pool4,
          nicolae_swamp_oklob_treasure_island, infiniplex_staircase_pool
Swamp:2:  layout_basic_swamp, evilmike_swamp_ruin_house_3
Swamp:3:  layout_basic_swamp, evilmike_swamp_ruin_rubble_2, uniq_bai_suzhen
Swamp:4:  swamp_old_school, layout_basic_swamp, uniq_mara
Snake:1:  layout_misc_corridors, evilmike_ambush [evilmike_ambush_outer_corners,
          evilmike_ambush_inner_basic], uniq_kirke, uniq_donald
Snake:2:  layout_cave_shapes, serial_bayou, serial_bayou_pond_a,
          serial_bayou_lagoon_a, serial_bayou_crossing, serial_bayou_pond_a,
          basic_altar
Snake:3:  layout_onion, drop_trap, st_stairs_13, grunt_ministairs_11,
          grunt_megastairs_2, uniq_louise, uniq_roxanne
Snake:4:  grunt_snake_rune_pools, layout_cave_town, guppyfry_library_mini,
          minmay_shop_grove
Orc:1:    layout_diamond_mine
Orc:2:    st_orc_ogre_mass, layout_caves
Elf:1:    eino_elf_arrival_customs, layout_geoelf_grid, minmay_elf_annihilation,
          lemuel_flamethrower_1
Elf:2:    layout_geoelf_octagon
Elf:3:    elf_hall, layout_onion_city, basic_altar, grunt_ministairs_4
Vaults:1: v_misc_23, v_rooms_6, grunt_vaults_funnel, v_alt_pattern_4, v_misc_3,
          grunt_vaults_trifunnel, ontoclasm_vaults_eye, hangedman_vaults_snaps,
          ontoclasm_vaults_decontamination, v_misc_24,
          nicolae_vaults_specimen_jars, vaults_room_pool, vaults_dpeg_doors,
          layout_vaults_omnigrid, serial_shops, shop
Vaults:2: v_misc_3, v_misc_10, v_misc_18, minmay_crypt_entry_simple_statues,
          vaults_mumra_minichess_inversion, nicolae_vaults_network_quinsquares
          [nicolae_vaults_network_quincunx_subvault,
          nicolae_vaults_network_quincunx_subvault,
          nicolae_vaults_network_quincunx_subvault,
          nicolae_vaults_network_quincunx_subvault], vaults_room_door_ring,
          vaults_dpeg_cross, hangedman_vaults_trim,
          nicolae_vaults_circle_grid_a, ontoclasm_vaults_misaligned,
          vaults_room_semicircle, ontoclasm_vaults_ring_large,
          layout_vaults_maze_bifur, portal_desolation_entry_garden,
          serial_shops, nicolae_shop_overgrown_old_shop
Vaults:3: v_misc_1, nicolae_vaults_triangles, hangedman_vaults_corner_blocks,
          grunt_vaults_focal, nicolae_vaults_what_the_h,
          hangedman_vaults_corner_blocks, v_pattern_2, vaults_dpeg_hooks,
          vaults_room_guarded_vault, layout_vaults_chaotic_city, serial_shops,
          nicolae_shop_trees
Vaults:4: v_misc_12, vaults_room_hangedman_quadrants,
          nicolae_vaults_yaktaur_gun_rack, vaults_mumra_minichess,
          ontoclasm_vaults_fault, vaults_room_fours, vaults_dpeg_diagonal,
          ontoclasm_vaults_ring_small, v_rooms_6, ontoclasm_vaults_shuriken,
          nicolae_vaults_theta, nicolae_vaults_ring_of_whatevers,
          layout_vaults_ring
Vaults:5: serial_shops
Depths:1: layout_honeycomb, grunt_pan_entry_zigzag, hell_entry,
          abyss_entry_crystal, kennysheep_just_a_vault, uniq_nikola
Depths:2: lemuel_river_lethe, hell_entry
Depths:3: minmay_the_grid_octo_tiled_octocenter [minmay_the_grid_octo_clover_2,
          minmay_the_grid_octo_checkerflower, minmay_the_grid_octo_pinwheel,
          minmay_the_grid_octo_empty,
          minmay_the_grid_octo_prize_square_snowflake,
          minmay_the_grid_square_5x5_tetrominoes,
          minmay_the_grid_square_5x5_minivault,
          minmay_the_grid_square_5x5_hourglass,
          minmay_the_grid_square_5x5_trominoes], layout_long_grid,
          rand_demon_pan_entry_1, pf_vacation_house_of_asmodeus,
          serial_co_window_serial, co_window_cross_1, co_window_paths_a,
          co_window_paths_a, co_window_paths_a, co_window_cross_1,
          co_window_paths_a, co_window_of_opportunity_a, co_window_broadway_b,
          co_window_of_opportunity_b, co_window_2corner, glass_columns_a
Depths:4: cheibrodos_poisonous_passages, layout_cave_pools, enter_ziggurat_a,
          abyss_entry, rand_demon_pan_entry_7, dk_noncrumbling_2, hell_entry,
          serial_shops, nicolae_shop_temple_entry_statues_fountains,
          uniq_margery
Depths:5: evilmike_zot_entry_round, layout_cave_pools, hell_entry,
          old_standard_altar, grunt_pan_entry_sceptre
Zot:1:    layout_onion_interference
Zot:2:    gammafunk_dig_for_victory, layout_concentric_octagons
Zot:3:    layout_concentric_octagons
Zot:4:    layout_misc_corridors
Zot:5:    layout_basic
